 Dungeon Crawl Stone Soup version 0.30-a0-4-ga7cffc901d (webtiles) character file.

Game seed: 13803241252668495068

45 Adrian566 the Trooper (level 3, -1/29 HPs)
             Began as a Demonspawn Fighter on Aug 22, 2022.
             Slain by a goblin
             ... wielding a +0 dagger
             ... led by Robin
              (2 damage)
             ... on level 1 of the Dungeon.
             The game lasted 00:01:19 (1487 turns).

Adrian566 the Trooper (Demonspawn Fighter)          Turns: 1487, Time: 00:01:19

Health: -1/29      AC:  6    Str: 18    XL:     3   Next: 42%
Magic:  3/3        EV:  9    Int:  9    God:
Gold:   57         SH:  5    Dex: 12    Spells: 2/2 levels left

rFire   . . .      SeeInvis .    a - +0 war axe
rCold   . . .      Faith    .    c - +1 buckler
rNeg    . . .      Spirit   .    b - +0 scale mail
rPois   .          Reflect  .    (no helmet)
rElec   .          Harm     .    (no cloak)
rCorr   .          Rampage  .    (no gloves)
Will    .....                    (no boots)
Stlth   ..........               (no amulet)
HPRegen 0.09/turn                (no ring)
MPRegen 0.08/turn                (no ring)

@: mighty
A: claws 1, hooves 1
a: no special abilities


You were on level 1 of the Dungeon.
You visited 1 branch of the dungeon, and saw 2 of its levels.

You collected 57 gold pieces.

Inventory:

Hand Weapons
 a - a +0 war axe (weapon)
Armour
 b - a +0 scale mail (worn)
 c - a +1 buckler (worn)
Jewellery
 l - a ring of fire


   Skills:
 + Level 3.2 Fighting
 * Level 2.7 Axes
 + Level 3.1 Armour
 + Level 3.0 Shields


You had 2 spell levels left.
You didn't know any spells.
Your spell library contained the following spells:

 Spells                   Type           Power      Damage    Failure   Level
 Ignite Poison            Fire/Tmut/Pois 0%         N/A       99%         3
 Mephitic Cloud           Conj/Pois/Air  0%         N/A       99%         3
 Freezing Cloud           Conj/Ice/Air   0%         6-21      100%        5


Dungeon Overview and Level Annotations

Branches:
Dungeon (2/15)

Altars:

Annotations:
D:1 Terence
D:2 Robin


Innate Abilities, Weirdness & Mutations

You have sharp fingernails.
You have large cloven feet.


Message History

Unknown command.
You are too injured to fight recklessly!
Unknown command.
You are too injured to fight recklessly!
Unknown command.
You are too injured to fight recklessly!
Unknown command.
You hit Terence but do no damage. You closely miss the goblin.
You hit the kobold but do no damage. You hit the goblin.
You kill the goblin!
You block Terence's attack. The kobold hits you but does no damage.
The goblin hits you with a +0 dagger.
* * * LOW HITPOINT WARNING * * *
Unknown command.
You closely miss Terence. Your kick misses Terence. You slash the kobold!
You kill the kobold!
You barely miss the hobgoblin. You closely miss the goblin.
Terence barely misses you. The goblin hits you with a +0 dagger.
* * * LOW HITPOINT WARNING * * *
The hobgoblin closely misses you. Terence closely misses you.
The hobgoblin hits you but does no damage.
The goblin hits you but does no damage. The kobold hits you but does no damage.
You hit Terence.
Terence is moderately wounded.
You closely miss the goblin. You barely miss the kobold.
You slash the hobgoblin!
You kill the hobgoblin!
Terence closely misses you. You block the kobold's attack.
You block the goblin's attack.
You slash Terence!
Terence is severely wounded.
You closely miss the kobold. You hit the goblin.
You kill the goblin!
You barely miss the goblin. Terence hits you with a +0 flail.
* * * LOW HITPOINT WARNING * * *
You block the kobold's attack. The goblin hits you but does no damage.
Terence drinks a potion.
Terence is healed!
The kobold hits you but does no damage. The goblin closely misses you.
The goblin hits you with a +0 dagger.
You die...

### #.. #.# #### #...
###### #.## #....# #.<#
####....########## ####
...............@@######
#
####....####...ggK....#
# #....# #..........# #
#....# #..........# #
###### #........).# #
#..........###########
#..........'..........
#..........#.#########
##### #..........#.#


You could see Terence, 2 goblins and a kobold.

Vanquished Creatures
  A gnoll (D:1)
  2 dart slugs (D:1)
  4 ball pythons (D:1)
  An endoplasm (D:1)
  3 giant cockroaches (D:1)
  6 goblins (D:1)
  5 hobgoblins (D:1)
  4 kobolds (D:1)
  A bat (D:1)
  A frilled lizard (D:1)
  A rat (D:1)
29 creatures vanquished.

Notes
Turn   | Place    | Note
-------+----------+-------------------------------------------
     0 | D:1      | Adrian566 the Demonspawn Fighter began the quest for the
                  | Orb.
     0 | D:1      | Reached XP level 1. HP: 18/18 MP: 1/1
    48 | D:1      | Discovered your monstrous ancestry.
    48 | D:1      | Gained mutation: You have sharp fingernails. [demonic
                  | ancestry]
    48 | D:1      | Reached XP level 2. HP: 14/24 MP: 2/2
   384 | D:1      | Found a faded altar of an unknown god.
   622 | D:1      | Gained mutation: You have large cloven feet. [demonic
                  | ancestry]
   622 | D:1      | Reached XP level 3. HP: 19/29 MP: 3/3
  1376 | D:2      | Noticed Terence
  1377 | D:2      | Noticed Robin
  1487 | D:1      | HP: 1/29 [Terence/+0 flail (5)]
  1487 | D:1      | Slain by a goblin

Illustrated notes

Levels and vault maps discovered:
D:1:      onia_arrival_mini_spirals, layout_basic,
          shapermc_ecumenical_altar_totnotflames
D:2:      layout_rooms, serial_shops, shop, uniq_sigmund, uniq_robin,
          uniq_terence

Skill      XL: |  1  2  3 |
---------------+----------+-----
Axes           | 2 |  2.7
Armour         | 3 |  3.1
Shields        | 3 |  3.0
Fighting       | |  3.2

Action                   || total
-------------------------++-------
Melee: War axe           ||    84
       Kick              ||     2
  Use: Potion            ||     6
       Scroll            ||     3
Armor: Scale mail        ||    48
Dodge: Dodged            ||    36
Block: Buckler           ||    25

Table legend: (Time is in decaauts)
 A = Elapsed time spent in this place.
 B = Non-inter-level travel time spent in this place.
 C = Inter-level travel time spent in this place.
 D = Time resting spent in this place.
 E = Time spent auto-exploring this place.
 F = Levels seen in this place.
 G = Mean time per level.
                   A        B        C        D        E       F      G
               +--------+--------+--------+--------+--------+-----+--------+
         Total |   1525 |   1499 |     26 |     59 |   1229 |   2 |  762.5 |
       Dungeon |   1525 |   1499 |     26 |     59 |   1229 |   2 |  762.5 |
               +--------+--------+--------+--------+--------+-----+--------+

Top non-repeatable levels by time:
     D:1: 1516 daAuts
     D:2: 9 daAuts
